[Event "*** Titled Tuesday Blitz"]
[Site "Chess.com"]
[Date "2020.04.21"]
[Round "7"]
[White "Igor_Lysyj"]
[Black "MarcoCorvi"]
[Result "1-0"]
[WhiteElo "2777"]
[BlackElo "2193"]
[TimeControl "180+1"]
[EndTime "11:22:08 PDT"]
[Termination "Igor_Lysyj won by resignation"]

1. d4 f5 2. g3 Nf6 3. Bg2 d6 4. Nd2 g6 5. c3 Bg7 6. e4 fxe4 7.
Nxe4 Nxe4 8. Bxe4 d5 9. Bg2 O-O 10. f4 c6 11. Nf3 Bg4 12. O-O Nd7 13. Qe1 Bxf3 14. Bxf3 Nf6 15. Qe2 Qd7 16. Bd2 Rae8 17. Rae1 e6 18. Kg2 b5 19. g4 a6 20. g5 Ne4 21. Bxe4 dxe4 22. Qxe4 Qd5 23. b3 Qxe4+ 24. Rxe4 Kf7 25. Rfe1 Re7 26. Bc1 Rd8 27. Ba3 Ree8 28. Bc5 Rd5 29. c4 Rd7 30. Kf3 h5 31. gxh6 Bxh6 32. Kg4 bxc4 33. bxc4 Bg7 34. Rb1 Rh8 35. h3 Bf6 36. Rb6 Rh4+ 37. Kg3 g5 38. Rxc6 Rxf4 39.
Rxf4 gxf4+ 40. Kxf4 Bxd4 41. Rd6 e5+ 42. Ke4 Rxd6 43. Bxd6 Ke6 44. Bb8 Bc5 45. Bxe5 Be7 46. Bg3 Bh4 47. Bxh4 1-0

[Event "*** Titled Tuesday Blitz"]
[Site "Chess.com"]
[Date "2020.04.21"]
[Round "7"]
[White "Perecke"]
[Black "korkmaz16"]
[Result "0-1"]
[WhiteElo "2140"]
[BlackElo "2284"]
[TimeControl "180+1"]
[EndTime "11:22:08 PDT"]
[Termination "korkmaz16 won on time"]

1. e4 d5 2. exd5 Nf6 3. d4 Bg4 4. Bb5+ Nbd7 5. f3 Bf5 6. c4 e6 7. dxe6 Bxe6 8. d5 Bf5 9. Be3 Bb4+ 10. Nc3 O-O 11. Ne2 Qe7 12. Bd4 Ne5 13. O-O a6 14. Bxe5 Qxe5 15. Ba4 Bd6 16. Ng3 Nh5 17. Qe1 Qf4 18.
Qc1 Qd4+ 19. Kh1 Nxg3+ 20. hxg3 Bxg3 21. Qg5 Qh4+ 22. Qxh4 Bxh4 23. Ne4 Rfd8 24. Bc2 Rab8 25. Rad1 b5 26. b3 bxc4 27. bxc4 Rb2 28. Bb3 Bxe4 29.
fxe4 Rd6 30. e5 Rh6 31. Kg1 Bg3 32. Rf3 Bxe5 33. Rh3 Rg6 34. g3 Bxg3 35. c5 Bf2+ 36. Kh1 Bxc5 37. Re1 h6 0-1

[Event "*** Titled Tuesday Blitz"]
[Site "Chess.com"]
[Date "2020.04.21"]
[Round "7"]
[White "Cecile-Haussernot"]
[Black "konradrutkowski"]
[Result "1-0"]
[WhiteElo "2358"]
[BlackElo "2180"]
[TimeControl "180+1"]
[EndTime "11:22:09 PDT"]
[Termination "Cecile-Haussernot won by resignation"]

1. e4 e5 2. Nf3 Nc6 3. d4 exd4 4. Nxd4 Bc5 5. Nb3 Bb6 6. Qe2 Nf6 7. e5 Ng8 8. c4 Nd4 9. Qg4 Ne6 10. c5 Nxc5 11. Qxg7 Qh4 12. Qxh8 Nd3+ 13. Bxd3 Qxf2+ 14. Kd1 Qxg2 15.
Rf1 d5 16. Qxh7 Bg4+ 17. Ke1 O-O-O 18. Qxf7 Qxh2 19. Qf4 Qh4+ 20. Kd2 Ne7 21. Nc3 d4 22. Ne4 Nd5 23. Qg5 Qh3 24. Nf2 Qe3+ 25. Kc2 Nb4+ 26. Kb1 Qxg5 27. Bxg5 Rg8 28. Nxg4 Rxg5 29. Bf5+ Kd8 30.
Nf6 d3 31. a3 Nc2 32. Bxd3 Nxa1 33. Kxa1 Ke7 34. Nd5+ Ke6 35. Bc4 Kxe5 36. Re1+ Kd6 37. Nf6 c6 38. Ne4+ 1-0

[Event "*** Titled Tuesday Blitz"]
[Site "Chess.com"]
[Date "2020.04.21"]
[Round "7"]
[White "bait_or_mate"]
[Black "Eliwood44"]
[Result "1-0"]
[WhiteElo "2519"]
[BlackElo "2320"]
[TimeControl "180+1"]
[EndTime "11:22:10 PDT"]
[Termination "bait_or_mate won by resignation"]

1. d4 Nf6 2. c4 e6 3. Nf3 b6 4. g3 Ba6 5. Qc2 Bb4+ 6. Bd2 Qe7 7. Bg2 Bb7 8. O-O Be4 9. Qc1 O-O 10. Nc3 Bxc3 11. Bxc3 Nc6 12. Rd1 d5 13. b3 Rfd8 14. Qf4 Rac8 15. Rac1 a5 16. h3 Nb4 17. Qd2 c6 18. a3 Na6 19. Qb2 h6 20. Nd2 Bxg2 21.
Kxg2 Nc7 22. e3 Nce8 23. b4 axb4 24. Bxb4 c5 25. dxc5 bxc5 26. Ba5 Rd7 27. Nf3 Nd6 28. cxd5 exd5 29. Bc3 Nde4 30. a4 Nxc3 31. Qxc3 Ne4 32. Qb3 Qe6 33. Nd4 Qf6 34. f3 Nd6 35. Qxd5 cxd4 36.
Rxc8+ Nxc8 37. Qxd7 Nd6 38. Rxd4 Nf5 39. Qd8+ Kh7 40.
Qxf6 gxf6 41. Rd3 1-0

[Event "*** Titled Tuesday Blitz"]
[Site "Chess.com"]
[Date "2020.04.21"]
[Round "7"]
[White "ShieldingOff"]
[Black "ferch1ni"]
[Result "0-1"]
[WhiteElo "2018"]
[BlackElo "2315"]
[TimeControl "180+1"]
[EndTime "11:22:10 PDT"]
[Termination "ferch1ni won on time"]

1. Nf3 d5 2. g3 Nc6 3. Bg2 e5 4. d3 Be6 5. O-O Nge7 6. c3 h6 7.
e4 g5 8. Re1 Bg7 9. Nbd2 O-O 10. Nf1 Qd7 11. Qc2 Rad8 12. Be3 a5 13. Rad1 d4 14.
cxd4 exd4 15. Bd2 Nb4 16. Bxb4 axb4 17. a3 Nc6 18. N1d2 Ra8 19. Ra1 Ra6 20. a4 b3 21.
Nxb3 Nb4 22. Qd2 Bxb3 23. Qxb4 Bxa4 24. Nd2 Qb5 25. Qxb5 Bxb5 26. Rxa6 Bxa6 27. Bf1 Rd8 28. Rc1 c6 29. Nb3 Bb5 30. Nc5 b6 31. Nb3 Ra8 32. Nd2 Ra2 33. Nc4 Bxc4 34. Rxc4 c5 35. Rc2 Kf8 36. Bh3 Ke7 37. Bc8 Kd6 38. Bb7 Be5 0-1

[Event "*** Titled Tuesday Blitz"]
[Site "Chess.com"]
[Date "2020.04.21"]
[Round "7"]
[White "Dr-Bassem"]
[Black "murtas73"]
[Result "1-0"]
[WhiteElo "2802"]
[BlackElo "2625"]
[TimeControl "180+1"]
[EndTime "11:22:11 PDT"]
[Termination "Dr-Bassem won by resignation"]

1. e4 e6 2. d3 d5 3. Nd2 c5 4. g3 Nc6 5. Bg2 Nf6 6. Ngf3 g6 7. O-O Bg7 8. Re1 O-O 9. c3 a5 10. a4 b6 11. Nb1 e5 12. exd5 Nxd5 13. Qb3 Nde7 14.
Na3 Rb8 15. Nc4 Be6 16. Ng5 Bd5 17. Bxd5 Qxd5 18. Be3 h6 19. Ne4 f5 20. Ned6 Kh7 21.
Qc2 f4 22. Bd2 Rbd8 23. Ne4 Qd7 24. Kg2 f3+ 25. Kh1 Qh3 26. Rg1 Rb8 27. g4 Nd5 28. Bg5 Kg8 29. Rg3 Qxg3 30. hxg3 hxg5 31. Nxg5 Rbd8 32.
d4 Nde7 33. Nxe5 Bxe5 34. dxe5 Rd5 35. Re1 c4 36. Qe4 Rd2 37. Qxc4+ Kh8 38. Kg1 Rxb2 39.
Qe4 Rb3 40. Nxf3 Rxc3 41. Re3 Rc5 42. Kg2 Kg8 43. Rd3 Nb4 44. Rd6 Nbd5 45. Rxg6+ Kf7 46.
Ng5+ Ke8 47. Ne6 Nxg6 48. Qxg6+ Ke7 49. Nxc5 bxc5 50. Qd6+ 1-0

[Event "*** Titled Tuesday Blitz"]
[Site "Chess.com"]
[Date "2020.04.21"]
[Round "7"]
[White "YaWaleriy"]
[Black "nfds"]
[Result "0-1"]
[WhiteElo "2270"]
[BlackElo "2545"]
[TimeControl "180+1"]
[EndTime "11:22:11 PDT"]
[Termination "nfds won on time"]

1. d4 d5 2. Nf3 Nf6 3. c4 e6 4. Nc3 Be7 5. Bf4 O-O 6. e3 Nbd7 7.
c5 c6 8. Bd3 Nh5 9. O-O b6 10.
b4 a5 11. a3 Ba6 12. Bxa6 Rxa6 13. Ne5 Nxe5 14. Bxe5 Nf6 15. Qd3 Qa8 16. b5 cxb5 17. Nxb5 Ne8 18. Rfc1 bxc5 19. dxc5 Rc6 20. Bd4 Nc7 21.
a4 Na6 22. Qc3 Nxc5 23. Bxg7 Rfc8 24. Bh6 f6 25. Nd4 Nxa4 26. Qd2 Rxc1+ 27. Rxc1 Kf7 28. Ra1 Nc3 29. f3 Bb4 30. Qf2 Rg8 31. Qh4 Rg6 32. Qh3 Qc8 33. Bf4 h6 34. g4 e5 35.
Nf5 Qxf5 0-1

[Event "*** Titled Tuesday Blitz"]
[Site "Chess.com"]
[Date "2020.04.21"]
[Round "7"]
[White "talaicito"]
[Black "CalinGheorghiu"]
[Result "1-0"]
[WhiteElo "2299"]
[BlackElo "2458"]
[TimeControl "180+1"]
[EndTime "11:22:11 PDT"]
[Termination "talaicito won by resignation"]

1. d4 Nf6 2. Nc3 e6 3. Bf4 d5 4.
e3 Bd6 5. Nf3 O-O 6. Ne5 c5 7.
Bd3 Nc6 8. O-O a6 9. Nxc6 bxc6 10.
dxc5 Bxf4 11. exf4 Qa5 12. Ne2 Qxc5 13. Nd4 Rb8 14. Rb1 a5 15. c3 Qb6 16. Qe2 c5 17.
Nf3 c4 18. Bc2 d4 19. Nxd4 Bb7 20. Qxc4 Rbc8 21. Qb5 Qc7 22. Qe5 Qb6 23. f5 Rc5 24.
Qg3 e5 25. Nf3 e4 26. Nd4 Re8 27. Rfe1 Rce5 28. h3 Bc8 29. Ba4 R8e7 30. Nc6 Qc5 31. Nxe5 Rxe5 32. Rbd1 h5 33. Rd8+ Kh7 34. Qe3 Qc7 35.
Red1 Bxf5 36. Qf4 Qc5 37. Bb3 Bg6 38. Qe3 Qc7 39. Ra8 Ne8 40. Rdd8 f5 41. Ba4 Re7 42. Bxe8 f4 43. Bxg6+ Kxg6 44. Qd4 e3 45. Rd6+ Kh7 46.
Qd3+ 1-0

[Event "*** Titled Tuesday Blitz"]
[Site "Chess.com"]
[Date "2020.04.21"]
[Round "7"]
[White "Belka1989"]
[Black "Pavalamalli"]
[Result "0-1"]
[WhiteElo "2348"]
[BlackElo "2222"]
[TimeControl "180+1"]
[EndTime "11:22:11 PDT"]
[Termination "Pavalamalli won on time"]

1. e4 c5 2. Nf3 e6 3. d4 cxd4 4. Nxd4 a6 5. c4 Nf6 6. Nc3 Qc7 7. Be3 b6 8. Be2 Bb7 9. f3 d6 10. O-O Be7 11. Rc1 O-O 12. Qd2 Nbd7 13. Rfd1 Rac8 14.
Qe1 Rfe8 15. Nb3 Qb8 16. Na4 Bd8 17. Qf2 Bc6 18. Nc3 Bc7 19. g3 h5 20. Na1 Ba8 21. b4 Bb7 22. Nb3 d5 23. cxd5 exd5 24. Nxd5 Nxd5 25.
exd5 Bd6 26. a3 h4 27. Kg2 b5 28. Na5 Nf6 29. Nc6 Qa8 30. Bg5 h3+ 31. Kxh3 Nh7 32.
Be3 Bxc6 33. dxc6 Rxc6 34. f4 Qc8+ 35. Kg2 Rxc1 36. Rxc1 Qe6 37. Rc3 Nf6 38. Bf3 Nd5 39. Bxd5 Qxd5+ 40. Kg1 Be7 41. Rc2 Bf6 42. Rd2 Qb3 43.
Bc5 Qxa3 0-1

[Event "*** Titled Tuesday Blitz"]
[Site "Chess.com"]
[Date "2020.04.21"]
[Round "7"]
[White "stoleriu"]
[Black "Witik"]
[Result "1/2-1/2"]
[WhiteElo "2517"]
[BlackElo "2697"]
[TimeControl "180+1"]
[EndTime "11:22:12 PDT"]
[Termination "Game drawn by repetition"]

1. e4 c6 2. Nf3 d5 3. exd5 cxd5 4. Ne5 Nf6 5. d4 Nfd7 6. Bd3 Nxe5 7. dxe5 Nc6 8. Qe2 Qc7 9. f4 h5 10. O-O Bg4 11. Qf2 e6 12. Be3 d4 13. Bd2 O-O-O 14. h3 Bf5 15. Bxf5 exf5 16. Kh1 Bc5 17. Qf3 Rd7 18. Na3 Bxa3 19. Qxa3 Nd8 20. Rac1 b6 21.
Rfd1 Ne6 22. Qf3 Qb7 23. Qd3 g6 24. c3 Kb8 25. Qe2 Rhd8 26. cxd4 Rxd4 27. Be3 Rxd1+ 28. Rxd1 Rxd1+ 29. Qxd1 Qe4 30. Qd6+ Kb7 31. Qd7+ Ka6 32. Qxf7 Nxf4 33. Bxf4 Qxf4 34. Qxg6 h4 35. Qd6 Qf1+ 36.
Kh2 Qf4+ 37. Kh1 Qf1+ 38. Kh2 Qf4+ 39. Kg1 Qc1+ 40. Kh2 Qf4+ 1/2-1/2

[Event "*** Titled Tuesday Blitz"]
[Site "Chess.com"]
[Date "2020.04.21"]
[Round "7"]
[White "kingofthenil"]
[Black "2165149677570"]
[Result "0-1"]
[WhiteElo "2506"]
[BlackElo "2345"]
[TimeControl "180+1"]
[EndTime "11:22:12 PDT"]
[Termination "2165149677570 won by checkmate"]

1. e4 c5 2. d3 Nc6 3. g3 g6 4.
Bg2 Bg7 5. f4 e6 6. Nf3 Nge7 7.
O-O d5 8. c3 O-O 9. Na3 Rb8 10.
e5 b5 11. Nc2 d4 12. cxd4 cxd4 13. Ng5 Nd5 14. Ne4 Qb6 15. Kh1 a5 16. Bd2 Ba6 17. Rc1 b4 18. Qf3 b3 19. axb3 Qxb3 20. Na1 Qb6 21. Nc5 Ncb4 22. Nd7 Qa7 23. Nxf8 Bxf8 24. Bxb4 Nxb4 25. Rfd1 a4 26. Nc2 Na2 27. Ra1 Rxb2 28. Qf2 Qc7 29. Rd2 Qc3 30. Rad1 a3 31. Nxd4 Bc5 32.
Rxb2 axb2 33. Rb1 Bxd4 34. Qf3 Bxd3 35. Qa8+ Kg7 36. Qxa2 Bxb1 37. Qxb1 Qc1+ 38. Bf1 Qxb1 39. Kg2 Qe4+ 40. Kh3 b1=Q 41. Kg4 Qxf1 42. h4 Qff3+ 43. Kh3 Qee3 44. h5 Qxg3# 0-1

[Event "*** Titled Tuesday Blitz"]
[Site "Chess.com"]
[Date "2020.04.21"]
[Round "7"]
[White "Milchone1"]
[Black "MusicCityMaster"]
[Result "1-0"]
[WhiteElo "2488"]
[BlackElo "2290"]
[TimeControl "180+1"]
[EndTime "11:22:12 PDT"]
[Termination "Milchone1 won by checkmate"]

1. Nf3 Nf6 2. c4 c5 3. g3 Nc6 4. Bg2 g6 5. Nc3 Bg7 6. O-O O-O 7. Ne1 d6 8. Nc2 Rb8 9. a3 a5 10.
Rb1 Be6 11. Ne3 Nd7 12. Ned5 Nde5 13. d3 Nd4 14. b4 axb4 15. axb4 b6 16. Bd2 Bg4 17.
h3 Bd7 18. f4 Nec6 19. b5 Na5 20. Na4 Nf5 21. Kh2 Nb7 22. Ndxb6 e5 23. Nxd7 Qxd7 24.
Nb6 Qd8 25. Nd5 h5 26. e3 h4 27. g4 Ng3 28. Re1 f5 29. g5 exf4 30. exf4 Re8 31. Qf3 Bd4 32. Rxe8+ Qxe8 33. Re1 Qf7 34. Re7 Qf8 35.
Re6 Kh7 36. Nf6+ Bxf6 37. Rxf6 Qe7 38. Qd5 Nd8 39. Bc3 Rb6 40. Rxg6 Kxg6 41. Qg8+ Kh5 42. Qh8+ Kg6 43. Qg8+ Kh5 44. Bf3# 1-0

[Event "*** Titled Tuesday Blitz"]
[Site "Chess.com"]
[Date "2020.04.21"]
[Round "7"]
[White "afgano29"]
[Black "pooh2012"]
[Result "1-0"]
[WhiteElo "2654"]
[BlackElo "2487"]
[TimeControl "180+1"]
[EndTime "11:22:14 PDT"]
[Termination "afgano29 won by resignation"]

1. e4 d5 2. exd5 Nf6 3. Bb5+ Nbd7 4. d4 a6 5. Be2 Nxd5 6. c4 N5f6 7. Nf3 e6 8. O-O Be7 9. Nc3 O-O 10. h3 c5 11.
Be3 b6 12. Ne5 Bb7 13. Bf3 Qc7 14. Bf4 Bxf3 15. Qxf3 cxd4 16. Ng6 Bd6 17. Bxd6 Qxd6 18. Nxf8 Rxf8 19. Ne4 Nxe4 20. Qxe4 Nc5 21. Qf3 a5 22. b3 e5 23. Rad1 e4 24. Qf5 g6 25.
Qg5 f5 26. Rd2 Ne6 27. Qh4 d3 28. Re1 Nc5 29. Qg5 f4 30. h4 Kg7 31. h5 Rf5 32. h6+ Kf7 33. Qg4 Qd4 34. Qh3 Ne6 35. Rdd1 Rh5 36.
Qg4 Rg5 37. Qh4 Re5 38. Qg4 e3 39. fxe3 Rxe3 40. Kh2 d2 41. Rf1 Re5 42. Rf3 Rh5+ 43. Rh3 Rg5 44. Qe2 Qe3 45. Rxe3 1-0

[Event "*** Titled Tuesday Blitz"]
[Site "Chess.com"]
[Date "2020.04.21"]
[Round "7"]
[White "Omk124"]
[Black "Vesper2018"]
[Result "1-0"]
[WhiteElo "2375"]
[BlackElo "1998"]
[TimeControl "180+1"]
[EndTime "11:22:14 PDT"]
[Termination "Omk124 won on time"]

1. e4 c5 2. Nf3 d6 3. d4 cxd4 4. Nxd4 Nf6 5. Nc3 a6 6. g3 e5 7. Nde2 Nbd7 8. a4 b6 9. Bg2 Bb7 10. O-O Nc5 11. Bg5 Be7 12. Bxf6 Bxf6 13. h3 O-O 14. Nd5 g6 15. Nec3 Bg7 16. Qd2 Rc8 17. Rad1 Ne6 18. Na2 b5 19. axb5 axb5 20. c3 Nc5 21.
Nab4 f5 22. exf5 gxf5 23. Rfe1 Kh8 24. f4 e4 25. Ne3 Rf6 26. Kh2 Qf8 27. Qe2 Qe8 28.
Nec2 Nb3 29. Na3 Rc5 30. Qc2 Qg8 31. Bf1 Rg6 32. Qf2 Qe8 33. h4 Bf6 34. Rxd6 Be7 35.
Rxg6 Qxg6 36. Bxb5 Rc8 37. Rd1 Nc5 38. Nc4 e3 39.
Qxe3 Ne4 40. Ne5 Qg7 41. Rd7 Rg8 42. Rxb7 Nxg3 43. Rxe7 Qxe7 44. Ng6+ Rxg6 45. Qxe7 1-0

[Event "*** Titled Tuesday Blitz"]
[Site "Chess.com"]
[Date "2020.04.21"]
[Round "7"]
[White "ehrenfeld"]
[Black "fidezivkovic"]
[Result "0-1"]
[WhiteElo "2435"]
[BlackElo "2287"]
[TimeControl "180+1"]
[EndTime "11:22:14 PDT"]
[Termination "fidezivkovic won by resignation"]

1. e4 c5 2. d3 Nc6 3. f4 g6 4. Nf3 Bg7 5. Be2 d6 6. O-O e6 7. c3 Nge7 8. Be3 b6 9. d4 O-O 10. a3 Bb7 11. Bd3 Rc8 12. Nbd2 Qd7 13. Qe2 f5 14.
dxc5 bxc5 15. Rad1 Kh8 16. Nc4 fxe4 17. Bxe4 d5 18.
Nce5 Nxe5 19. Nxe5 Qc7 20. Bb1 Nf5 21. Bf2 d4 22. g4 Bxe5 23. Qxe5+ Qxe5 24. fxe5 Ne3 25. Bxe3 dxe3 26. Rde1 Rxf1+ 27. Kxf1 Ba6+ 28. Kg2 e2 29. Be4 Rd8 30. Kf2 Rd2 31. b4 Ra2 32. bxc5 Rxa3 33. Rc1 Ra4 34. c4 Bxc4 35. c6 Ba6 36. c7 Rxe4 37. c8=Q+ Bxc8 38. Rxc8+ Kg7 39. Rc7+ Kg8 40. g5 Rxe5 41. h4 e1=Q+ 0-1

[Event "*** Titled Tuesday Blitz"]
[Site "Chess.com"]
[Date "2020.04.21"]
[Round "7"]
[White "pgradalski"]
[Black "ChadBiryani"]
[Result "0-1"]
[WhiteElo "2220"]
[BlackElo "2370"]
[TimeControl "180+1"]
[EndTime "11:22:14 PDT"]
[Termination "ChadBiryani won on time"]

1. e4 c5 2. c3 d5 3. exd5 Nf6 4. d4 cxd4 5. Qxd4 Qxd5 6. Nf3 Nc6 7. Qxd5 Nxd5 8.
Bc4 Nf6 9. O-O e6 10. Bf4 Be7 11. Na3 a6 12. Nc2 O-O 13. Rad1 b5 14. Bb3 Bb7 15. Ncd4 Na5 16. Ne5 Nxb3 17. Nxb3 Rfd8 18. Be3 Nd5 19. Bc5 Bf6 20. Ng4 Bg5 21. Na5 Bc8 22.
Ne5 Bf6 23. Nec6 Re8 24. Bd4 Bg5 25. c4 bxc4 26. Nxc4 Bd7 27. N4e5 Bc8 28. Na5 Rb8 29. b3 Rb5 30. Nec6 Bd7 31. a4 Bxc6 32. axb5 Bxb5 33. Rfe1 h6 34. Bc5 Nc3 35. Rd6 Be7 0-1

[Event "*** Titled Tuesday Blitz"]
[Site "Chess.com"]
[Date "2020.04.21"]
[Round "7"]
[White "XiaoKangZhong"]
[Black "Kaua18"]
[Result "1-0"]
[WhiteElo "2366"]
[BlackElo "2214"]
[TimeControl "180+1"]
[EndTime "11:22:15 PDT"]
[Termination "XiaoKangZhong won by checkmate"]

1. e4 c5 2. c3 Nc6 3. d4 cxd4 4.
cxd4 d5 5. e5 Bf5 6. Nc3 e6 7.
Bd3 Bxd3 8. Qxd3 Nge7 9. Nf3 Ng6 10. O-O Be7 11. g3 a6 12. Be3 b5 13. Rac1 Rc8 14. a3 Na5 15. Ne2 Nc4 16. b4 Qb6 17. Kg2 O-O 18. h4 Rfd8 19. h5 Nf8 20. g4 a5 21. g5 axb4 22. axb4 Bxb4 23. Nf4 Be7 24. g6 b4 25. gxh7+ Nxh7 26. h6 g5 27. Nh5 Kh8 28. Kh2 Rg8 29. Ng7 b3 30. Rg1 b2 31. Rb1 Qd8 32. Nd2 Nxd2 33. Qxd2 Rxg7 34. hxg7+ Kxg7 35. Rxb2 Qh8 36. Kg2 Nf8 37. Rh1 Qg8 38. Bxg5 Ng6 39.
Bh6+ Kh8 40. Bg5+ Kg7 41. Bxe7 Nxe7 42. Qh6# 1-0

[Event "*** Titled Tuesday Blitz"]
[Site "Chess.com"]
[Date "2020.04.21"]
[Round "7"]
[White "j2806"]
[Black "Efremov_Vlad"]
[Result "0-1"]
[WhiteElo "1971"]
[BlackElo "2125"]
[TimeControl "180+1"]
[EndTime "11:22:15 PDT"]
[Termination "Efremov_Vlad won by checkmate"]

1. e4 c5 2. Nf3 e6 3. c3 d5 4. exd5 Qxd5 5. d4 Nf6 6. Bf4 Nc6 7. dxc5 Qxd1+ 8. Kxd1 Bxc5 9. Ke1 O-O 10. Nbd2 e5 11. Bg5 Ng4 12. Bh4 f5 13. h3 Nf6 14.
Bc4+ Kh8 15. Kf1 h6 16. Bxf6 Rxf6 17. g3 e4 18. Ne1 e3 19. fxe3 Bxe3 20. Nef3 f4 21.
gxf4 Rxf4 22. Ke2 Bxd2 23. Nxd2 Bf5 24. Raf1 Re8+ 25. Kd1 Rxf1+ 26. Bxf1 Ne5 27. Bb5 Rd8 28. Kc1 a6 29. Be2 Nd3+ 30. Bxd3 Rxd3 31. Nb3 Rxh3 32. Rxh3 Bxh3 33. Nc5 Bc8 34. Kd2 g5 35. Ke3 Kg7 36. b4 Kf6 37. a4 Ke5 38. b5 axb5 39. axb5 h5 40. Ne4 g4 41. c4 h4 42. c5 h3 43.
c6 bxc6 44. bxc6 Kd5 45. c7 Kc6 46. Kf4 Kxc7 47. Nf2 Kc6 48. Kg3 Kd5 49. Kh2 Kd4 50.
Kg3 Ke3 51. Nxg4+ Bxg4 52. Kh2 Kf2 53. Kh1 Kg3 54. Kg1 h2+ 55. Kh1 Bf3# 0-1

[Event "*** Titled Tuesday Blitz"]
[Site "Chess.com"]
[Date "2020.04.21"]
[Round "7"]
[White "Oleksandr_Bortnyk"]
[Black "igorkovalenko"]
[Result "1-0"]
[WhiteElo "3038"]
[BlackElo "2879"]
[TimeControl "180+1"]
[EndTime "11:22:16 PDT"]
[Termination "Oleksandr_Bortnyk won on time"]

1. d4 Nf6 2. Nc3 d5 3. Bf4 a6 4. e3 e6 5. Nf3 c5 6. a3 Nc6 7. Bd3 Bd6 8. dxc5 Bxc5 9. O-O O-O 10. e4 dxe4 11. Nxe4 Nxe4 12. Bxe4 Qxd1 13. Rfxd1 Be7 14.
Ne5 Nxe5 15. Bxe5 Bf6 16. Bxf6 gxf6 17. Rd6 Ra7 18. a4 f5 19. Bf3 Kg7 20. a5 Kf6 21. c4 Ke7 22. Rad1 e5 23. c5 e4 24.
Be2 Be6 25. f3 Rc8 26. b4 Raa8 27. Rb6 Rc7 28. Kf2 Rg8 29. g3 Rg6 30. Ke3 Rh6 31.
h4 Rg6 32. Kf4 Rf6 33. Rdd6 Rg6 34. h5 Rh6 35. fxe4 fxe4 36. Kxe4 Rf6 37. Ke3 Rf5 38. Bf3 Re5+ 39. Kd4 Re1 40. Rxb7 Rxb7 41. Bxb7 Rb1 42. Rb6 Rb3 43. Bxa6 Rxg3 44. Be2 Rg2 45. Ke3 Rg3+ 46. Kf4 Ra3 47. a6 Ra2 48. Bd3 h6 49. Rb7+ Kf6 50.
a7 Ra3 51. Be4 1-0

[Event "*** Titled Tuesday Blitz"]
[Site "Chess.com"]
[Date "2020.04.21"]
[Round "7"]
[White "Pultis"]
[Black "Shield12"]
[Result "1-0"]
[WhiteElo "2747"]
[BlackElo "2902"]
[TimeControl "180+1"]
[EndTime "11:22:16 PDT"]
[Termination "Pultis won by checkmate"]

1. Nf3 Nf6 2. d4 e6 3. c4 b6 4. g3 Bb7 5. Bg2 Be7 6. O-O O-O 7.
Nc3 Ne4 8. Qc2 Nxc3 9. Qxc3 c5 10. Rd1 Bf6 11. Be3 d6 12. Qd3 Qe7 13. Rac1 Nc6 14. a3 Rad8 15. Qb1 e5 16. d5 Nd4 17. Bxd4 exd4 18.
Qd3 b5 19. Nd2 bxc4 20. Nxc4 Rfe8 21. Bf3 g6 22. Na5 Qc7 23. b4 Ba8 24. Nb3 Qb6 25. bxc5 dxc5 26. Rxc5 Rb8 27. Rb1 Qd6 28. Ra5 Qc7 29. Ra6 Rb6 30. Rxb6 Qxb6 31. Nd2 Qc5 32. Rb5 Qc7 33. Kg2 Bg7 34. Nb3 Qe5 35. Ra5 Rd8 36.
Qc4 h5 37. h4 Bf6 38. Nc1 Qd6 39. Nd3 Kg7 40. Ra6 Qe7 41. Ra5 Rd6 42. Nb4 Qd7 43. Nc6 Bxc6 44. dxc6 Qc7 45. Rb5 Rd8 46. Rb7 Qe5 47. Qxf7+ Kh6 48. Qh7# 1-0

[Event "*** Titled Tuesday Blitz"]
[Site "Chess.com"]
[Date "2020.04.21"]
[Round "7"]
[White "rasmussvane"]
[Black "RoelandPruijssers"]
[Result "0-1"]
[WhiteElo "2849"]
[BlackElo "2624"]
[TimeControl "180+1"]
[EndTime "11:22:16 PDT"]
[Termination "RoelandPruijssers won on time"]

1. Nf3 f5 2. d3 Nf6 3. e4 d6 4.
Nc3 Nc6 5. Bg5 e5 6. d4 h6 7.
Bxf6 Qxf6 8. Nd5 Qf7 9. Bc4 Be6 10. Nxc7+ Qxc7 11. Bxe6 fxe4 12. Nh4 Nxd4 13. Qh5+ Kd8 14. Bb3 Qa5+ 15. c3 Nxb3 16. Rd1 Nc5 17. b4 Qa3 18.
bxc5 Qxc3+ 19. Rd2 Be7 20. cxd6 Bg5 21. O-O Qxd2 22. Qf7 Qxd6 23. Qb3 Rc8 24. Nf5 Qd7 25.
Ne3 Bxe3 26. fxe3 Rc6 27. h3 Kc8 28. Rf7 Rc1+ 29. Kh2 Qc6 30. Qb2 Rc3 31. Qb4 Re8 32. Rxg7 Rxe3 33. Qa5 a6 34. Qb4 Rc3 35. a4 e3 36. Qg4+ Kb8 37. Qe2 Rc2 38. Qxe3 e4 39. a5 Qd6+ 40. Rg3 Rc7 41. h4 Rg7 0-1

[Event "*** Titled Tuesday Blitz"]
[Site "Chess.com"]
[Date "2020.04.21"]
[Round "7"]
[White "Incognito_Knight"]
[Black "Infernal_XaM"]
[Result "0-1"]
[WhiteElo "2731"]
[BlackElo "2944"]
[TimeControl "180+1"]
[EndTime "11:22:18 PDT"]
[Termination "Infernal_XaM won on time"]

1. d4 e6 2. c4 b6 3. e4 Bb7 4.
Bd3 Nf6 5. Nc3 Bb4 6. Bg5 h6 7. Bxf6 Qxf6 8. Nf3 c5 9. e5 Bxf3 10. exf6 Bxd1 11. fxg7 Rg8 12. Kxd1 cxd4 13. Nb5 Na6 14. Be4 O-O-O 15. a3 Be7 16. Nxa7+ Kb8 17. Nb5 Nc5 18.
Bf3 Rxg7 19. Nxd4 Bf6 20. Nb5 Bxb2 21. Rb1 Bf6 22. Ke2 Rg5 23. Rhd1 Be7 24. Nd6 Na4 25. Nxf7 Nc3+ 26. Kd3 Nxd1 27. Nxg5 Nxf2+ 28. Ke2 hxg5 29.
Kxf2 Kc7 30. Rb3 Rf8 31. Ke2 Rf5 32. g3 Ra5 33. Be4 Ra4 34. Bd3 Bxa3 35. h4 gxh4 36. gxh4 Be7 37. h5 Ra2+ 38. Kf3 Rh2 39. Rb5 Bc5 40.
Bg6 Rh4 0-1

[Event "*** Titled Tuesday Blitz"]
[Site "Chess.com"]
[Date "2020.04.21"]
[Round "7"]
[White "Quattroporte300"]
[Black "OhanyanEminChess"]
[Result "0-1"]
[WhiteElo "2276"]
[BlackElo "2503"]
[TimeControl "180+1"]
[EndTime "11:22:18 PDT"]
[Termination "OhanyanEminChess won on time"]

1. e4 e5 2. Nf3 Nc6 3. Bb5 f5 4. d3 fxe4 5. dxe4 Nf6 6. Nc3 Bb4 7. O-O Bxc3 8. bxc3 d6 9. Re1 O-O 10. Bg5 Be6 11.
Qd3 Qe7 12. h3 h6 13. Bd2 a6 14. Ba4 g5 15. Bb3 Nh5 16. Rab1 b5 17. a4 Rab8 18.
Bd5 Nd8 19. axb5 axb5 20. Rxb5 Rxb5 21. Qxb5 Kh7 22. Qd3 Nf4 23. Bxf4 Rxf4 24. Rb1 c6 25. Bxe6 Nxe6 26. Rb8 Rf8 27. Rb6 Qc7 28. Qa6 Nc5 29.
Qa5 Nxe4 30. Ra6 Qxa5 31. Rxa5 Nxc3 32. Ra7+ Kg6 33. Rc7 c5 34. Rc6 Rf6 35. Kf1 e4 36. Nd2 e3 37. Nf3 e2+ 38. Ke1 h5 39. g3 Rxf3 0-1

[Event "*** Titled Tuesday Blitz"]
[Site "Chess.com"]
[Date "2020.04.21"]
[Round "7"]
[White "Oglob71"]
[Black "silverback96"]
[Result "0-1"]
[WhiteElo "2417"]
[BlackElo "2192"]
[TimeControl "180+1"]
[EndTime "11:22:18 PDT"]
[Termination "silverback96 won by checkmate"]

1. d4 Nf6 2. Nf3 c5 3. c4 cxd4 4. Nxd4 e5 5. Nb5 d5 6. cxd5 Bc5 7. N5c3 O-O 8. h3 e4 9. g4 Re8 10. Bg2 e3 11. Bxe3 Bxe3 12. fxe3 Rxe3 13. Qd4 Re8 14. Nd2 Nc6 15. Qf4 Ne5 16. O-O-O Bd7 17. Rhf1 b5 18. Kb1 Rc8 19. g5 Nh5 20. Qd4 Qa5 21. Nb3 Qc7 22. Rc1 Qb8 23. Ne4 Rxc1+ 24. Rxc1 Nf4 25. Bf1 Nxh3 26.
Nbc5 Bf5 27. d6 Nc4 28. Ka1 Rd8 29. Bxh3 Bxh3 30. b3 Nxd6 31. Rd1 Nb7 32. Qg1 Rxd1+ 33. Qxd1 Nxc5 34. Nxc5 Bf5 35. Qd5 Qc8 36. b4 Be6 37.
Qd6 a5 38. Kb2 axb4 39. e4 h5 40. gxh6 gxh6 41. Qg3+ Kh7 42. Qe5 Qh8 43. Qxh8+ Kxh8 44. Nd3 h5 45. Nxb4 h4 46. Nd3 h3 47. Nf2 h2 48.
a3 Bg4 49. Kc3 Bf3 50. Kb4 Bxe4 51. Kxb5 h1=Q 52. Nxh1 Bxh1 53. Kc4 Kg7 54. Kd3 Kg6 55. Ke3 f5 56. Kf4 Kf6 57. a4 Be4 58. a5 Ke7 59. a6 Kd7 60. a7 Ke6 61. Kg5 Ke5 62. Kh4 Kf4 63. Kh3 Ke3 64. Kh2 f4 65. Kg1 f3 66. Kf1 f2 67. a8=Q Bd3+ 68. Kg2 f1=Q+ 69. Kh2 Qf4+ 70. Kh3 Bf1+ 71. Qg2 Bxg2+ 72. Kxg2 Qg4+ 73.
Kh2 Kf2 74. Kh1 Qg2# 0-1